Map: Odyssey LE

Players

Bly - Winner!

  • Race: Zerg Zerg
  • Spawn Location: 11:00

VortiX

  • Race: Zerg Zerg
  • Spawn Location: 5:00

Event: WCS Valencia 2017

VOD

Have the link to the VOD?

Description

Time

  • Played on: July 13, 2017, 9:42 a.m.
  • Length: 7:07

All games in this series

Show
View Real Time Build Order
Export as new Build Order

Bly Zerg - Winner!

Build Orders: Hatch First 

Get SALT Encoding   

  12  0:01  Drone  
  13  0:12  Overlord  
  13  0:17  Drone  
  14  0:31  Drone x2  
  14  0:35  Drone  
  17  0:52  Hatchery  
  16  0:57  Drone  
  16  1:00  Extractor  
  16  1:12  Spawning Pool  
  16  1:16  Drone  
  16  1:19  Drone  
  17  1:31  Drone  
  17  1:32  Drone  
  19  1:58  Queen  
  19  1:59  Zergling x2  
  19  2:01  Zergling x4, Spine Crawler x2  
  21  2:10  Queen  
  21  2:14  Zergling x2  
  24  2:17  Zergling x2  
  24  2:20  Zergling x2  
  26  2:27  Zergling x2  
  27  2:43  Zergling x2  
  25  2:52  Drone  
  25  2:53  Drone x2  
  25  2:54  Overlord  
  28  3:11  Overlord  
  27  3:22  Drone  
  27  3:23  Drone x5  
  33  3:32  Overlord  
  33  3:36  Drone  
  34  3:45  Hatchery  
  33  3:54  Drone x5  
  38  4:05  Drone x4  
  42  4:14  Queen  
  44  4:18  Drone x3  
  46  4:24  Roach Warren  
  44  4:34  Extractor, Drone x2  
  44  4:35  Drone x2  
  44  4:37  Overlord  
  45  4:47  Drone x4  
  49  4:59  Extractor  
  48  5:05  Overlord  
  48  5:06  Overlord  
  48  5:09  Roach  
  48  5:10  Roach x5  
  48  5:11  Roach x2  
  64  5:15  Overlord  
  64  5:17  Overlord  
  64  5:30  Roach x5  
  64  5:31  Roach  
  76  5:41  Overlord  
  77  5:42  Zergling x2  
  77  5:43  Zergling x8  
  77  5:47  Zergling x4  
  83  5:53  Zergling x6  
  86  6:02  Queen  
  86  6:05  Zergling x6  
  86  6:07  Ravager x3  
  86  6:08  Ravager x2  
  94  6:13  Ravager  
  94  6:15  Zergling x12  
  101  6:19  Overlord  
  95  6:33  Zergling x2  
  95  6:34  Zergling x10  
Show
View Real Time Build Order
Export as new Build Order

VortiX Zerg 

Build Orders: Pool First 

Get SALT Encoding   

  12  0:00  Drone  
  13  0:15  Extractor  
  12  0:24  Spawning Pool  
  12  0:28  Drone  
  12  0:32  Drone  
  13  0:37  Drone  
  14  0:48  Overlord  
  14  1:11  Zergling x4  
  16  1:14  Metabolic Boost  
  16  1:17  Zergling x2  
  17  1:23  Zergling x2  
  18  1:33  Queen  
  18  1:36  Zergling x2  
  21  1:43  Zergling x2  
  22  2:09  Hatchery  
  22  2:10  Overlord  
  21  2:17  Drone  
  22  2:33  Drone x2  
  23  2:46  Drone x2  
  22  2:52  Queen  
  22  2:55  Drone x2  
  25  2:58  Drone  
  26  3:07  Overlord  
  26  3:22  Drone x2  
  26  3:24  Overlord  
  26  3:26  Drone x2  
  30  3:33  Drone  
  30  3:34  Drone  
  31  3:42  Extractor  
  31  3:44  Baneling Nest  
  31  3:47  Drone x2  
  31  3:56  Zergling x8  
  35  4:06  Overlord  
  35  4:07  Drone x2  
  37  4:10  Drone x2  
  37  4:14  Lair  
  39  4:20  Extractor  
  39  4:21  Extractor  
  39  4:23  Drone x2  
  39  4:24  Drone x3  
  41  4:34  Drone x2  
  42  4:39  Drone  
  42  4:40  Drone  
  42  4:45  Drone x3  
  47  4:52  Zergling x2  
  48  4:57  Overlord  
  48  4:59  Drone x2  
  49  5:05  Drone x2  
  51  5:12  Spire  
  50  5:14  Drone  
  51  5:27  Drone x3  
  51  5:28  Drone x2  
  56  5:36  Hatchery  
  56  5:38  Overlord  
  55  5:44  Overlord  
  55  5:50  Roach Warren, Zergling x2  
  55  5:54  Zergling x4  
  55  5:55  Zergling x2  
  58  6:01  Zergling x8  
  62  6:05  Zergling x2  
  62  6:11  Zergling x2  
  62  6:12  Zergling x8  
  65  6:18  Baneling x2  
  65  6:27  Mutalisk  
  65  6:32  Mutalisk  
  71  6:42  Overlord  
  71  6:43  Overlord  
Tags
 
Add a new tag
Caveats
  • Supply blocks, unpowered buildings, or Contaminate may cause inaccurate times.
  • Supply counts are checked every 10 seconds.